 Dungeon Crawl Stone Soup version 0.21.1-1-g345015f (webtiles) character file.

233 letownia2 the Conjurer (level 6, -1/34 HPs)
             Began as a Tengu Air Elementalist on Mar 3, 2018.
             Was an Initiate of Sif Muna.
             Slain by an orc priest
             ... wielding a +0 morningstar
              (11 damage)
             ... on level 4 of the Dungeon.
             The game lasted 00:10:19 (1150 turns).

letownia2 the Conjurer (Tengu Air Elementalist)     Turns: 1150, Time: 00:10:20

Health: -1/34      AC:  3    Str:  8    XL:     6   Next: 5%
Magic:  2/10       EV: 11    Int: 18    God:    Sif Muna [......]
Gold:   127        SH:  5    Dex: 14    Spells: 5/9 levels left

rFire    . . .     SeeInvis .   a - +2 war axe (elec)
rCold    + . .     Gourm    .   i - +2 buckler
rNeg     . . .     Faith    .   d - +0 leather armour
rPois    .         Spirit   .   u - +0 hat
rElec    .         Reflect  .   (no cloak)
rCorr    .         Harm     .   (no gloves)
MR       .....                  (boots unavailable)
Stlth    +.........             (no amulet)
HPRegen  0.11/turn              k - ring of protection from cold
MPRegen  0.12/turn              (no ring)

@: very slightly contaminated, heavily drained
A: beak, talons 3, able to fly 1
a: Fly, Renounce Religion


You were on level 4 of the Dungeon.
You worshipped Sif Muna.
Sif Muna was noncommittal.
You were hungry.

You visited 1 branch of the dungeon, and saw 4 of its levels.

You collected 127 gold pieces.

Inventory:

Hand Weapons
 a - a +2 war axe of electrocution (weapon)
 s - a +0 hunting sling
Missiles
 g - 13 poisoned needles
 q - 45 stones (quivered)
Armour
 d - a +0 leather armour (worn)
 i - a +2 buckler (worn)
 o - a +0 ring mail
 u - a +0 hat (worn)
Jewellery
 j - an uncursed amulet of harm
 k - a ring of protection from cold (left hand)
Wands
 e - a wand of iceblast (7)
Scrolls
 l - a scroll of random uselessness {unknown}
 m - a scroll of magic mapping {unknown}
 t - 2 scrolls of remove curse
Potions
 f - a potion of degeneration {unknown}
 h - a potion of curing
 n - 2 potions of heal wounds {unknown}
 p - a potion of magic {unknown}
Books
 b - a book of Air

   Spells                             Type                      Level
   a - Shock                          Conjuration/Air              1
   b - Swiftness                      Charms/Air                   2
   c - Static Discharge               Conjuration/Air              3
   d - Airstrike                      Air                          4
   e - Lightning Bolt                 Conjuration/Air              5
Comestibles
 c - 3 rations


   Skills:
 + Level 1.1(0.0) Fighting
 + Level 1.2(0.0) Armour
 + Level 3.4(2.1) Dodging
 - Level 2.1(0.8) Stealth
 + Level 1.1(0.0) Shields
 - Level 2.2(0.9) Spellcasting
 - Level 5.4(4.0) Conjurations
 - Level 4.4(3.1) Air Magic


You had 5 spell levels left.
You knew the following spells:

 Your Spells              Type           Power        Failure   Level  Hunger
a - Shock                 Conj/Air       ##..         12%         1    ##.....
d - Static Discharge      Conj/Air       ##......     34%         3    ####...


Dungeon Overview and Level Annotations

Branches:
Dungeon (4/15)
 Temple: D:4-7

Altars:
Ashenzari
Sif Muna
Wu Jian


Innate Abilities, Weirdness & Mutations

You have a beak for a mouth.
You have claws for feet.
You can fly.


Message History

Unknown command.
Casting: Shock
Confirm with . or Enter, or press ? or * to list all spells.
Aiming: Shock
Press: ? - help, Shift-Dir - straight line The zap hits the orc priest.
The orc priest is heavily wounded.
The zap hits the orc priest.
The orc priest is severely wounded.
Unknown command.
Unknown command.
Casting: Shock
Confirm with . or Enter, or press ? or * to list all spells.
Aiming: Shock
Press: ? - help, Shift-Dir - straight line The zap hits the orc priest.
The orc priest is almost dead.
The zap misses the orc. x2; The zap misses the orc priest.
The orc priest hits you with a morningstar!
You die...

... #.. .... #.#
#..#### #.# #.. ...
#.# #.####. #.#
#.##... #.#####.#....
#########.#.....#....
#.oo@..............._
#.#########.##..#....
#.# #.##..#.... #.#
#.##..##... #......#
#.##..####. #o##.#..#
#.###.. ... #.. ..
#.# ##.#### #.. ..#
#.# .# #.8. .# #.. .#


You could see an orc priest and an orc.

Vanquished Creatures
  A bullfrog skeleton (D:4)
  Jessica (D:3)
  Terence (D:3)
  Natasha (D:2)
  Robin (D:4)
  3 adders
  An ooze (D:1)
  An adder skeleton (D:4)
  3 worms
  2 dart slugs
  A leopard gecko (D:2)
  5 orcs
  2 bats
  4 giant cockroaches
  17 goblins
  7 hobgoblins
  7 jackals
  2 ball pythons
  A ball python skeleton (D:4)
  2 frilled lizards (D:3)
  3 kobolds
  A rat (D:2)
67 creatures vanquished.

Notes
Turn   | Place    | Note
-------+----------+-------------------------------------------
     0 | D:1      | letownia2 the Tengu Air Elementalist began the quest for the Orb.
     0 | D:1      | Reached XP level 1. HP: 10/10 MP: 4/4
    71 | D:1      | Reached XP level 2. HP: 9/15 MP: 3/6
   228 | D:2      | Reached XP level 3. HP: 19/19 MP: 3/7
   233 | D:2      | Learned a level 3 spell: Static Discharge
   241 | D:2      | Found a shattered altar of Ashenzari.
   328 | D:2      | Noticed Natasha
   337 | D:2      | Killed Natasha
   337 | D:2      | Reached skill level 3 in Conjurations
   391 | D:2      | Reached XP level 4. HP: 23/24 MP: 4/8
   560 | D:3      | Reached skill level 4 in Conjurations
   568 | D:3      | Found an ornate altar of the Wu Jian Council.
   582 | D:3      | Noticed Jessica
   596 | D:3      | Killed Jessica
   606 | D:3      | Gained mutation: You can fly. [Tengu growth]
   606 | D:3      | Reached XP level 5. HP: 28/28 MP: 3/9
   612 | D:3      | Noticed Terence
   617 | D:3      | Killed Terence
   617 | D:3      | Reached skill level 5 in Conjurations
   969 | D:4      | Noticed Robin
   978 | D:4      | Killed Robin
  1093 | D:4      | Found a deep blue altar of Sif Muna.
  1100 | D:4      | Became a worshipper of Sif Muna the Loreminder
  1115 | D:4      | Reached skill level 1 in Armour
  1135 | D:4      | Reached skill level 1 in Fighting
  1135 | D:4      | Reached skill level 1 in Shields
  1135 | D:4      | Reached XP level 6. HP: 20/34 MP: 3/10
  1150 | D:4      | Slain by an orc priest

Skill      XL: |  1  2  3  4  5 |
---------------+----------------+-----
Dodging        | 3 |  3.4
Conjurations   | 3 4 5 |  5.4
Armour         | 1 |  1.2
Fighting       | 1 |  1.1
Shields        | 1 |  1.1
Stealth        | |  2.1
Spellcasting   | |  2.2
Air Magic      | |  4.4

Action                   |  1- 3 |  4- 6 || total
-------------------------+-------+-------++-------
Melee: Dagger            |     4 |       ||     4
       Kick              |     1 |     6 ||     7
       War axe           |       |    42 ||    42
       Peck              |       |     7 ||     7
 Cast: Shock             |    23 |    60 ||    83
  Use: Scroll            |       |     2 ||     2
 Stab: Sleeping          |     2 |       ||     2
  Eat: Chunk             |       |     2 ||     2
Armor: Leather armour    |     1 |    11 ||    12
Dodge: Dodged            |    11 |    34 ||    45
Block: Buckler           |       |    22 ||    22
